 Dungeon Crawl Stone Soup version 0.27-a0-535-g7eaf864cf9 (webtiles) character file.

Game seed: 9872441415414843511

924 Morbidden the Covert (level 8, -13/54 HPs)
             Began as an Octopode Brigand on Mar 6, 2021.
             Mangled by an orc warrior
             ... wielding a +0 war axe
              (17 damage)
             ... on level 4 of the Dungeon.
             The game lasted 00:05:25 (5150 turns).

Morbidden the Covert (Octopode Brigand)             Turns: 5150, Time: 00:05:26

Health: -13/54     AC:  1    Str:  9 (10) XL:     8   Next: 10%
Magic:  17/17      EV: 14    Int: 13 (15) God:
Gold:   199        SH:  0    Dex: 12 (14) Spells: 7/7 levels left

rFire    . . .     SeeInvis .   a - +2 dagger
rCold    . . .     Faith    .   (no shield)
rNeg     . . .     Spirit   .   (helmet restricted)
rPois    .         Reflect  .   (no amulet)
rElec    .         Harm     .   g - ring of magical power
rCorr    .         Rampage  .   (no ring)
Will     .....                  (no ring)
Stlth    +++++.....             (no ring)
HPRegen  0.18/turn              (no ring)
MPRegen  0.15/turn              (no ring)
                                (no ring)
                                (no ring)

@: attractive
A: almost no armour, amphibious, 8 rings, constrict 8, camouflage 1, gelatinous
body 1, nimble swimmer 1
a: no special abilities


You were on level 4 of the Dungeon.
You visited 1 branch of the dungeon, and saw 5 of its levels.

You collected 199 gold pieces.

Inventory:

Hand Weapons
 a - a +2 dagger (weapon)
Missiles
 b - 8 poisoned darts (quivered)
 p - 8 boomerangs
Jewellery
 d - a ring of fire
 g - a ring of magical power (left tentacle)
Wands
 o - a wand of random effects (9)
Scrolls
 e - 2 scrolls of enchant armour
 f - 4 scrolls of identify
 j - a scroll of enchant weapon {unknown}
 l - 3 scrolls of teleportation {unknown}
 m - a scroll of fog {unknown}
 n - a scroll of magic mapping {unknown}
 r - a scroll of fear {unknown}
Potions
 i - a potion of mutation {unknown}
 k - a potion of attraction
 q - a potion of flight {unknown}


   Skills:
 * Level 4.0 Fighting
 + Level 4.2 Short Blades
 + Level 2.6 Throwing
 * Level 4.0 Dodging
 + Level 9.8 Stealth


You had 7 spell levels left.
You didn't know any spells.
Your spell library was empty.

Dungeon Overview and Level Annotations

Branches:
Dungeon (5/15)
 Temple: D:4-7

Altars:
Fedhas
Okawaru
Qazlal
Xom

Annotations:
D:4 Grinder


Innate Abilities, Weirdness & Mutations

You cannot wear most types of armour.
You are amphibious.
You can wear up to eight rings at the same time.
You can use your tentacles to constrict eight enemies at once.
Your skin changes colour to match your surroundings (Stealth+).
Your rubbery body absorbs attacks. (AC +1, EV +1)
You are stealthy while swimming. (Stealth+)


Message History

Okay, then.
The orc warrior barely misses you.
Aiming: Random Effects
Press: ? - help, Shift-Dir - straight line, f/p - orc warrior
Aim: an orc warrior, wielding a +0 war axe and wearing a +0 plate armour The orc warrior twists and deforms.
The orc warrior closely misses you.
Unknown command.
Unknown command.
Aiming: Random Effects
Press: ? - help, Shift-Dir - straight line, f/p - orc warrior
Aim: an orc warrior, wielding a +0 war axe and wearing a +0 plate armour (misshapen and mutated)
Okay, then.
Unknown command.
You see here a +0 hand axe.
Okay, then.
Okay, then.
As you read the scroll labelled QADAPH SYLILA, it crumbles to dust.
It is a scroll of identify.
e - 2 scrolls of enchant armour The orc warrior hits you with a +0 war axe!
* * * LOW HITPOINT WARNING * * *
The orc warrior seems to return to its normal shape.
There's nothing to close nearby.
An orc warrior is nearby!
An orc warrior is nearby!
Unknown command.
The orc warrior hits you with a +0 war axe!
* * * LOW HITPOINT WARNING * * *
Okay, then.
Okay, then.
Unknown command.
It was a potion of attraction.
You feel attractive to monsters.
The orc warrior hits you with a +0 war axe!
* * * LOW HITPOINT WARNING * * *
It was a potion of degeneration.
There was something very wrong with that liquid.
You feel weakened.
You feel dopey.
You feel clumsy.
The orc warrior hits you with a +0 war axe!
You die...

.............)............>.#
.####.#.##...###.####.#.#.#.# .#
#.#.####...#.# #.#.#.#.# .#
#.#......#.#.# #.#.#...# .#
#.#........#.####.#.###.#
[####.#..........##.....# ###
......#.##.########[#.###########
#####....#.# #..#.#)...........
......#..#.# #@.#[#.###########
####..#..#.# #o.#.#........# #
#..#..#.# #..#.#.#..###.# #
#..#..#.# #..#.#.#....#.####
####..#..#.# #..#.#.#..#.#.....
.....##..#.# #...............##
.....'...#.#####.##.#............
.....###.#.#......#.#......###.##
.....# #.#.#.######.#.####.# #.##


You could see an orc warrior.

Vanquished Creatures
  Sigmund (D:4)
  Eustachio (D:4)
  3 ogres
  Crazy Yiuf (D:2)
  A bullfrog skeleton (D:4)
  3 orc wizards (D:4)
  2 worker ants (D:4)
  Robin (D:4)
  3 adders
  4 gnolls (D:3)
  5 oozes
  2 worms
  3 dart slugs
  3 leopard geckos
  8 orcs
  A ball python (D:1)
  12 bats
  2 giant cockroaches (D:1)
  11 goblins
  6 hobgoblins
  9 kobolds
  2 quokkas
  6 frilled lizards
  4 rats
94 creatures vanquished.

Vanquished Creatures (others)
  A goblin (D:4)
  A fungus (D:5)
  A plant (D:5)
3 creatures vanquished.

Grand Total: 97 creatures vanquished

Notes
Turn   | Place    | Note
-------+----------+-------------------------------------------
     0 | D:1      | Morbidden the Octopode Brigand began the quest for the Orb.
     0 | D:1      | Reached XP level 1. HP: 14/14 MP: 1/1
   125 | D:1      | Reached XP level 2. HP: 19/19 MP: 2/2
   311 | D:1      | Reached skill level 6 in Stealth
   527 | D:1      | Reached XP level 3. HP: 24/24 MP: 3/3
   908 | D:2      | Reached XP level 4. HP: 24/29 MP: 4/4
  1100 | D:2      | Found a runed translucent door.
  1101 | D:2      | Noticed Crazy Yiuf
  1116 | D:2      | Killed Crazy Yiuf
  1567 | D:3      | Found a shimmering altar of Xom.
  1699 | D:3      | Noticed an ogre
  1709 | D:3      | Killed an ogre
  1710 | D:3      | Reached skill level 7 in Stealth
  1710 | D:3      | Reached XP level 5. HP: 35/35 MP: 5/5
  1940 | D:3      | Reached XP level 6. HP: 36/41 MP: 6/6
  2687 | D:4      | Noticed Sigmund
  2694 | D:4      | Killed Sigmund
  2695 | D:4      | Reached skill level 8 in Stealth
  2721 | D:4      | Noticed Eustachio
  2734 | D:4      | Killed Eustachio
  2735 | D:4      | Reached skill level 9 in Stealth
  2735 | D:4      | Reached XP level 7. HP: 30/46 MP: 7/7
  2876 | D:4      | Noticed Grinder
  3447 | D:4      | Noticed Robin
  3466 | D:4      | Killed Robin
  3672 | D:4      | Found an iron altar of Okawaru.
  4249 | D:4      | Reached XP level 8. HP: 54/54 MP: 8/8
  4377 | D:5      | Entered Level 5 of the Dungeon
  4377 | D:5      | Found a stormy altar of Qazlal.
  4444 | D:5      | Found a blossoming altar of Fedhas.
  5150 | D:4      | Mangled by an orc warrior

Illustrated notes

Levels and vault maps discovered:
D:1:      wander_arrival_lonely_grave, layout_basic
D:2:      layout_rooms, uniq_crazy_yiuf_cottage
D:3:      layout_basic, xom_teletrap_fun
D:4:      layout_basic, kennysheep_mini_moat, uniq_robin, uniq_grinder,
          uniq_eustachio, uniq_sigmund
D:5:      layout_cave_pools, grunt_temple_overflow_forces_of_nature,
          lemuel_round_altar, chequers_temple_overflow_minitemple,
          fedhas_ov_isle_minmay, uniq_duvessa

Skill      XL: |  1  2  3  4  5  6  7  8 |
---------------+-------------------------+-----
Stealth        | 6 7 9 |  9.8
Dodging        | 2 3 4 |  4.0
Fighting       | 3 4 |  4.0
Short Blades   | 3 4 |  4.2
Throwing       | |  2.6

Action                   |  1- 3 |  4- 6 |  7- 9 || total
-------------------------+-------+-------+-------++-------
Melee: Dagger            |    62 |    78 |    69 ||   209
       Constrict         |    13 |    12 |    12 ||    37
       Tentacles         |     4 |    13 |    13 ||    30
Throw: Dart              |       |    10 |     4 ||    14
Evoke: Wand              |       |       |     1 ||     1
  Use: Scroll            |       |     1 |     1 ||     2
       Potion            |       |       |     2 ||     2
 Stab: Sleeping          |    18 |    11 |     6 ||    35
       Distracted        |       |     1 |       ||     1
Armor: Skin              |     8 |     2 |     4 ||    14
Dodge: Dodged            |    31 |    28 |    39 ||    98

Table legend: (Time is in decaauts)
 A = Elapsed time spent in this place.
 B = Non-inter-level travel time spent in this place.
 C = Inter-level travel time spent in this place.
 D = Time resting spent in this place.
 E = Time spent auto-exploring this place.
 F = Levels seen in this place.
 G = Mean time per level.
                   A        B        C        D        E       F      G
               +--------+--------+--------+--------+--------+-----+--------+
         Total |   5106 |   4980 |    126 |    480 |   3621 |   5 | 1021.2 |
       Dungeon |   5106 |   4980 |    126 |    480 |   3621 |   5 | 1021.2 |
               +--------+--------+--------+--------+--------+-----+--------+

Top non-repeatable levels by time:
     D:4: 2529 daAuts
     D:3: 1056 daAuts
     D:2: 839 daAuts
     D:1: 663 daAuts
     D:5: 16 daAuts
